Crunch vs Ice Caps

Created - Sunday, October 19, 2014 at 22:56

Goals
1 2 3 T
Crunch 0 0 0 0
Ice Caps 0 2 1 3
Shots
1 2 3 T
Crunch 1 9 4 14
Ice Caps 9 7 4 20

1st period

No Goal

Penalties :
Jordin Tootoo (SYR) for Hooking (Minor) at 1:14, Garret Ross (STJ) for Slashing (Minor) at 8:08, Seth Helgeson (STJ) for Tripping (Minor) at 15:17

2nd period

1. Ice Caps , Oscar Klefbom 2 (Greg McKegg) at 0:06
2. Ice Caps , Freddie Hamilton 3 (Martin Marincin, Oscar Klefbom) at 6:49 (PP)

Penalties :
Chad Billins (SYR) for Interference (Minor) at 0:36, Karl Stollery (SYR) for Kneeing (Major) at 6:24, Phillip Danault (SYR) for Tripping (Minor) at 18:20

3rd period

3. Ice Caps , Oscar Klefbom 3 (Garret Ross) at 9:56

Penalties :
Scott Mayfield (STJ) for Hooking (Minor) at 15:28

Goalie Stats

Richard Bachman (SYR), 17 saves from 20 shots - (0.850), L, 1-1-0, 60:00 minutes
Nathan Lieuwen (STJ), 14 saves from 14 shots - (1.000), W, 4-1-2, 60:00 minutes

Players Stats for Crunch

Player Name              G  A  P  +/- PIM S  H  SB GA TA FO     MP     PP MP  PK MP  
------------------------------------------------------------------------------------
Andre Petersson          0  0  0  -2  0   1  1  0  2  0  0/0    12:30   3:30   0:00 
Brett Skinner            0  0  0   0  0   0  0  0  0  0  0/0     0:00   0:00   0:00 
Brodie Reid              0  0  0   0  0   0  2  2  0  0  0/0    13:50   1:14   0:00 
Chad Billins             0  0  0  -1  2   0  1  1  0  0  0/0    21:23   3:22   3:59 
Corban Knight            0  0  0   0  0   0  1  0  4  0  4/7    16:58   2:27   0:10 
Danny Syvret             0  0  0  -1  0   0  1  2  0  1  0/0    23:01   3:22   5:36 
Eriah Hayes              0  0  0   0  0   2  2  0  2  0  0/0    16:47   2:27   0:00 
Jordin Tootoo            0  0  0   0  2   1  2  0  1  0  1/1    17:05   2:21   0:20 
Karl Stollery            0  0  0   0  5   0  0  0  0  0  0/0    17:30   2:35   0:00 
Markus Lauridsen         0  0  0  -1  0   1  2  0  0  0  0/0    19:27   0:00   5:20 
Matt Lindblad            0  0  0   0  0   1  2  1  1  2  1/1    17:24   0:00   5:07 
Nick Jensen              0  0  0  -1  0   3  0  3  0  1  0/0    21:41   0:00   6:57 
Phillip Danault          0  0  0   0  2   0  3  1  2  0  1/4    18:48   1:31   4:08 
Ryan Strome              0  0  0  -2  0   1  1  0  5  0  3/8    21:11   2:28   5:04 
Taylor Pyatt             0  0  0  -2  0   2  0  1  2  1  1/2    17:38   1:53   1:46 
Travis Oleksuk           0  0  0   0  0   2  1  0  0  2  5/8    14:45   0:00   5:17 
Tyler Shattock           0  0  0   0  0   0  0  0  0  0  0/0     1:26   0:00   0:00 
Zach Trotman             0  0  0   0  0   0  1  0  1  3  0/0    17:31   2:35   0:00 

Players Stats for Ice Caps

Player Name              G  A  P  +/- PIM S  H  SB GA TA FO     MP     PP MP  PK MP  
------------------------------------------------------------------------------------
Brandon Davidson         0  0  0   0  0   0  3  2  0  0  0/0    21:17   3:52   2:01 
Colin Smith              0  0  0   0  0   0  3  0  3  0  4/9    17:55   4:56   0:00 
Corey Cowick             0  0  0   0  0   0  1  2  1  0  0/0    20:27   4:56   2:19 
Daniil Tarasov           0  0  0   0  0   1  1  0  4  1  0/0    18:45   4:56   0:50 
David Wohlberg           0  0  0   0  0   0  0  0  0  0  0/0     0:00   0:00   0:00 
Freddie Hamilton         1  0  1   1  0   2  0  1  1  2  0/0    17:32   5:34   0:50 
Garret Ross              0  1  1   2  2   3  4  1  0  0  1/1    21:45   5:34   1:38 
Greg McKegg              0  1  1   2  0   1  2  0  1  0  7/15   21:46   5:34   1:56 
Klas Dahlbeck            0  0  0   0  0   2  0  1  0  0  0/0    21:17   3:52   2:01 
Kory Nagy                0  0  0   0  0   2  4  0  3  1  0/0    15:14   0:26   0:00 
Martin Marincin          0  1  1   1  0   3  2  1  0  0  0/0    15:00   5:28   1:57 
Michael Schumacher       0  0  0   0  0   2  2  0  3  0  0/0    16:34   0:26   0:52 
Oscar Klefbom            2  1  3   2  0   3  3  1  1  3  0/0    22:59   7:04   3:56 
Rasmus Rissanen          0  0  0   0  0   0  0  0  0  0  0/0     7:59   0:00   0:00 
Riley Wetmore            0  0  0   1  0   1  1  0  0  0  1/1     7:54   0:00   2:34 
Rylan Schwartz           0  0  0   0  0   0  1  0  2  0  2/5    15:55   0:26   0:55 
Scott Mayfield           0  0  0   1  2   0  3  0  0  0  0/0    18:31   1:36   0:00 
Seth Helgeson            0  0  0   0  2   0  1  0  0  0  0/0    13:05   0:00   1:59 

3 Stars

1 - Oscar Klefbom (STJ)
2 - Nathan Lieuwen (STJ)
3 - Freddie Hamilton (STJ)

Power Play

Crunch - 0 on 3 Attempt(s) - 0.00%
Ice Caps - 1 on 4 Attempt(s) - 25.00%

Penalty Kill

Crunch - 3 on 4 Attempt(s) - 75.00% - Score 0 goal in Penalty Kill
Ice Caps - 3 on 3 Attempt(s) - 100.00% - Score 0 goal in Penalty Kill

Official

Referees : Unknown
Linesman : Unknown

Game Notes

Martin Marincin is injured at 16:09 of 2nd period (Herniated Disc)

Finance

Level 1 -- Attendance: 1496 (74.80%) -- Ticket Income $52,360
Level 2 -- Attendance: 820 (82.00%) -- Ticket Income $12,300
Total Attendance: 2316 (77.20%)
Total Ticket Income: $64,660
Other Income: $31,683
Total Income: $96,343

Crunch

5 vs 5 Forward 
   Center                   Left Wing                Right Wing               Time % Phy DF OF 
 1 Ryan Strome              Andre Petersson          Taylor Pyatt             30     0   2  3  
 2 Corban Knight            Jordin Tootoo            Eriah Hayes              30     1   2  2  
 3 Travis Oleksuk           Taylor Pyatt             Ryan Strome              25     0   2  3  
 4 Phillip Danault          Matt Lindblad            Brodie Reid              15     1   2  2  

5 vs 5 Defense 
   Defense                  Defense                                           Time % Phy DF OF 
 1 Danny Syvret             Chad Billins                                      34     1   2  2  
 2 Zach Trotman             Karl Stollery                                     33     1   2  2  
 3 Nick Jensen              Markus Lauridsen                                  33     1   2  2  
 4 Danny Syvret             Chad Billins                                      0      0   5  0  

PowerPlay Forward 
   Center                   Left Wing                Right Wing               Time % Phy DF OF 
 1 Ryan Strome              Andre Petersson          Taylor Pyatt             60     0   1  4  
 2 Corban Knight            Jordin Tootoo            Eriah Hayes              40     0   2  3  

PowerPlay Defense
   Defense                  Defense                                           Time % Phy DF OF 
 1 Danny Syvret             Chad Billins                                      60     0   2  3  
 2 Zach Trotman             Karl Stollery                                     40     0   2  3  

Penalty Kill 4 Players Forward 
   Center                   Wing                     Time % Phy DF OF 
 1 Travis Oleksuk           Ryan Strome              50     1   4  0  
 2 Phillip Danault          Matt Lindblad            50     1   4  0  

Penalty Kill 4 Players Defense
   Defense                  Defense                  Time % Phy DF OF 
 1 Nick Jensen              Markus Lauridsen         50     1   4  0  
 2 Danny Syvret             Chad Billins             50     1   4  0  

Penalty Kill - 3 Players Forward 
   Forward                                           Time % Phy DF OF 
 1 Travis Oleksuk                                    50     1   4  0  
 2 Phillip Danault                                   50     1   4  0  

Penalty Kill - 3 Players Defense
   Defense                  Defense                  Time % Phy DF OF 
 1 Nick Jensen              Markus Lauridsen         50     1   4  0  
 2 Danny Syvret             Chad Billins             50     1   4  0  

4 vs 4 Forward 
   Center                   Wing                     Time % Phy DF OF 
 1 Ryan Strome              Taylor Pyatt             60     0   1  4  
 2 Corban Knight            Eriah Hayes              40     1   2  2  

4 vs 4 Defense
   Defense                  Defense                  Time % Phy DF OF 
 1 Danny Syvret             Chad Billins             50     1   2  2  
 2 Zach Trotman             Karl Stollery            50     1   2  2  

Last Minutes Offensive
   Center                   Left Wing                Right Wing               Defense                  Defense                  
   Ryan Strome              Andre Petersson          Taylor Pyatt             Danny Syvret             Chad Billins             

Last Minutes Defensive
   Center                   Left Wing                Right Wing               Defense                  Defense                  
   Ryan Strome              Andre Petersson          Taylor Pyatt             Danny Syvret             Chad Billins             

Goaltenders
Starting : Richard Bachman          
Backup : Michael Houser           

Extra Forwards
Normal : Ryan Strome, Eriah Hayes, Taylor Pyatt - PP : Ryan Strome, Eriah Hayes - PK : Taylor Pyatt
Extra Defensemen
Normal : Danny Syvret, Chad Billins, Zach Trotman - PP : Danny Syvret - PK : Danny Syvret, Chad Billins
Penalty Shots
Andre Petersson, Ryan Strome, Eriah Hayes, Jordin Tootoo, Corban Knight

Ice Caps

5 vs 5 Forward 
   Center                   Left Wing                Right Wing               Time % Phy DF OF 
 1 Greg McKegg              Garret Ross              Freddie Hamilton         35     1   2  2  
 2 Colin Smith              Corey Cowick             Daniil Tarasov           30     1   2  2  
 3 Rylan Schwartz           Michael Schumacher       Kory Nagy                22     1   2  2  
 4 Riley Wetmore            Garret Ross              Greg McKegg              13     1   2  2  

5 vs 5 Defense 
   Defense                  Defense                                           Time % Phy DF OF 
 1 Martin Marincin          Oscar Klefbom                                     35     1   2  2  
 2 Klas Dahlbeck            Brandon Davidson                                  30     1   2  2  
 3 Scott Mayfield           Seth Helgeson                                     22     1   2  2  
 4 Rasmus Rissanen          Martin Marincin                                   13     1   2  2  

PowerPlay Forward 
   Center                   Left Wing                Right Wing               Time % Phy DF OF 
 1 Greg McKegg              Garret Ross              Freddie Hamilton         60     1   2  2  
 2 Colin Smith              Corey Cowick             Daniil Tarasov           40     1   2  2  

PowerPlay Defense
   Defense                  Defense                                           Time % Phy DF OF 
 1 Martin Marincin          Oscar Klefbom                                     60     1   2  2  
 2 Klas Dahlbeck            Brandon Davidson                                  40     1   2  2  

Penalty Kill 4 Players Forward 
   Center                   Wing                     Time % Phy DF OF 
 1 Greg McKegg              Garret Ross              60     1   2  2  
 2 Freddie Hamilton         Daniil Tarasov           40     1   2  2  

Penalty Kill 4 Players Defense
   Defense                  Defense                  Time % Phy DF OF 
 1 Martin Marincin          Oscar Klefbom            60     1   2  2  
 2 Klas Dahlbeck            Brandon Davidson         40     1   2  2  

Penalty Kill - 3 Players Forward 
   Forward                                           Time % Phy DF OF 
 1 Greg McKegg                                       60     1   2  2  
 2 Garret Ross                                       40     1   2  2  

Penalty Kill - 3 Players Defense
   Defense                  Defense                  Time % Phy DF OF 
 1 Martin Marincin          Oscar Klefbom            60     1   2  2  
 2 Klas Dahlbeck            Brandon Davidson         40     1   2  2  

4 vs 4 Forward 
   Center                   Wing                     Time % Phy DF OF 
 1 Greg McKegg              Garret Ross              60     1   2  2  
 2 Freddie Hamilton         Daniil Tarasov           40     1   2  2  

4 vs 4 Defense
   Defense                  Defense                  Time % Phy DF OF 
 1 Martin Marincin          Oscar Klefbom            60     1   2  2  
 2 Klas Dahlbeck            Brandon Davidson         40     1   2  2  

Last Minutes Offensive
   Center                   Left Wing                Right Wing               Defense                  Defense                  
   Greg McKegg              Garret Ross              Freddie Hamilton         Martin Marincin          Oscar Klefbom            

Last Minutes Defensive
   Center                   Left Wing                Right Wing               Defense                  Defense                  
   Greg McKegg              Garret Ross              Freddie Hamilton         Martin Marincin          Oscar Klefbom            

Goaltenders
Starting : Nathan Lieuwen           
Backup : Kristers Gudlevskis      

Extra Forwards
Normal : Rylan Schwartz, Michael Schumacher, Riley Wetmore - PP : Rylan Schwartz, Michael Schumacher - PK : Riley Wetmore
Extra Defensemen
Normal : Scott Mayfield, Seth Helgeson, Rasmus Rissanen - PP : Scott Mayfield - PK : Seth Helgeson, Rasmus Rissanen
Penalty Shots
Greg McKegg, Garret Ross, Freddie Hamilton, Daniil Tarasov, Colin Smith

% Time on Ice - Crunch

Lines # - Real PCT - Wanted PCT - Time Play
Normal Forward
1 - 24% - 30% - 10:33
2 - 33% - 30% - 14:19
3 - 18% - 25% - 7:55
4 - 24% - 15% - 10:20
Normal Defense
1 - 32% - 34% - 13:55
2 - 37% - 33% - 15:57
3 - 31% - 33% - 13:15
4 - 0% - 0% - 0:00
PP Forward
1 - 59% - 60% - 3:30
2 - 41% - 40% - 2:27
PP Defense
1 - 57% - 60% - 3:22
2 - 43% - 40% - 2:35
PK Forward
1 - 52% - 50% - 5:39
2 - 48% - 50% - 5:17
PK Defense
1 - 49% - 50% - 5:20
2 - 51% - 50% - 5:36
PK3 Forward
1 - 0% - 50%
2 - 0% - 50%
PK3 Defense
1 - 0% - 50%
2 - 0% - 50%
44 Forward
1 - 0% - 60%
2 - 0% - 40%
44 Defense
1 - 0% - 50%
2 - 0% - 50%
Last Minute Offensive  - 0:00
Last Minute Defensive  - 0:00
Total
Forward - 60:00
Defense - 60:00

% Time on Ice - Ice Caps

Lines # - Real PCT - Wanted PCT - Time Play
Normal Forward
1 - 27% - 35% - 11:46
2 - 30% - 30% - 12:59
3 - 33% - 22% - 14:01
4 - 10% - 13% - 4:21
Normal Defense
1 - 28% - 35% - 11:59
2 - 36% - 30% - 15:24
3 - 18% - 22% - 7:44
4 - 19% - 13% - 8:00
PP Forward
1 - 55% - 60% - 6:00
2 - 45% - 40% - 4:56
PP Defense
1 - 65% - 60% - 7:04
2 - 35% - 40% - 3:52
PK Forward
1 - 86% - 60% - 5:07
2 - 14% - 40% - 0:50
PK Defense
1 - 66% - 60% - 3:56
2 - 34% - 40% - 2:01
PK3 Forward
1 - 0% - 60%
2 - 0% - 40%
PK3 Defense
1 - 0% - 60%
2 - 0% - 40%
44 Forward
1 - 0% - 60%
2 - 0% - 40%
44 Defense
1 - 0% - 60%
2 - 0% - 40%
Last Minute Offensive  - 0:00
Last Minute Defensive  - 0:00
Total
Forward - 60:00
Defense - 60:00

Play by Play

1st period


0:01 of 1st period - Ryan Strome wins face-off versus Greg McKegg in neutral zone.
0:10 of 1st period - Wrist shot by Martin Marincin.
0:10 of 1st period - Shot Blocked by Taylor Pyatt.
0:20 of 1st period - Wrist shot by Freddie Hamilton.
0:20 of 1st period - Shot Misses the Net.
0:22 of 1st period - Slapshot by Martin Marincin.
0:22 of 1st period - Stopped by Richard Bachman with a rebound.
0:24 of 1st period - Slapshot by Martin Marincin.
0:24 of 1st period - Shot Misses the Net.
0:28 of 1st period - Snap shot by Garret Ross.
0:28 of 1st period - Stopped by Richard Bachman with a rebound.
0:30 of 1st period - Snap shot by Oscar Klefbom.
0:30 of 1st period - Stopped by Richard Bachman without a rebound.
0:31 of 1st period - Colin Smith wins face-off versus Corban Knight in Crunch zone.
0:48 of 1st period - Slapshot by Daniil Tarasov.
0:48 of 1st period - Stopped by Richard Bachman with a rebound.
0:50 of 1st period - Backhand shot by Corey Cowick.
0:50 of 1st period - Shot Hit the Post.
1:14 of 1st period - Minor Penalty to Jordin Tootoo for Hooking.
1:15 of 1st period - Greg McKegg wins face-off versus Travis Oleksuk in Crunch zone.
1:46 of 1st period - Snap shot by Greg McKegg.
1:46 of 1st period - Stopped by Richard Bachman with a rebound.
3:09 of 1st period - Travis Oleksuk is hit by Colin Smith and loses puck.
3:14 of 1st period - Penalty to Jordin Tootoo is over, Jordin Tootoo is back on ice.
4:15 of 1st period - Riley Wetmore is hit by Corban Knight and loses puck.
4:32 of 1st period - Seth Helgeson is hit by Phillip Danault and loses puck.
6:13 of 1st period - Wrist shot by Rylan Schwartz.
6:13 of 1st period - Shot Blocked by Brodie Reid.
6:15 of 1st period - Snap shot by Brandon Davidson.
6:15 of 1st period - Shot Blocked by Danny Syvret.
6:17 of 1st period - Snap shot by Rylan Schwartz.
6:17 of 1st period - Shot Blocked by Brodie Reid.
6:21 of 1st period - Snap shot by Kory Nagy.
6:21 of 1st period - Stopped by Richard Bachman with a rebound.
6:45 of 1st period - Zach Trotman is hit by Garret Ross and loses puck.
8:08 of 1st period - Minor Penalty to Garret Ross for Slashing.
8:09 of 1st period - Riley Wetmore wins face-off versus Ryan Strome in Ice Caps zone.
8:14 of 1st period - Taylor Pyatt is hit by Martin Marincin.
8:47 of 1st period - Snap shot by Corban Knight.
8:47 of 1st period - Shot Misses the Net.
8:49 of 1st period - Snap shot by Jordin Tootoo.
8:49 of 1st period - Shot Blocked by Corey Cowick.
9:22 of 1st period - Brandon Davidson is hit by Eriah Hayes and loses puck.
10:08 of 1st period - Penalty to Garret Ross is over, Garret Ross is back on ice.
10:14 of 1st period - Matt Lindblad is hit by Martin Marincin and loses puck.
11:02 of 1st period - Wrist shot by Corban Knight.
11:02 of 1st period - Shot Misses the Net.
11:20 of 1st period - Wrist shot by Greg McKegg.
11:20 of 1st period - Shot Misses the Net.
11:22 of 1st period - Slapshot by Klas Dahlbeck.
11:22 of 1st period - Stopped by Richard Bachman with a rebound.
11:24 of 1st period - Wrist shot by Greg McKegg.
11:24 of 1st period - Shot Misses the Net.
11:26 of 1st period - Slapshot by Garret Ross.
11:26 of 1st period - Stopped by Richard Bachman with a rebound.
11:36 of 1st period - Slapshot by Martin Marincin.
11:36 of 1st period - Stopped by Richard Bachman without a rebound.
11:37 of 1st period - Matt Lindblad wins face-off versus Rylan Schwartz in Crunch zone.
12:36 of 1st period - Snap shot by Brodie Reid.
12:36 of 1st period - Shot Misses the Net.
15:17 of 1st period - Minor Penalty to Seth Helgeson for Tripping.
15:18 of 1st period - Jordin Tootoo wins face-off versus Greg McKegg in Ice Caps zone.
15:32 of 1st period - Oscar Klefbom is hit by Jordin Tootoo and loses puck.
16:26 of 1st period - Zach Trotman is hit by Brandon Davidson and loses puck.
17:17 of 1st period - Penalty to Seth Helgeson is over, Seth Helgeson is back on ice.
17:37 of 1st period - Slapshot by Oscar Klefbom.
17:37 of 1st period - Deflect By Michael Schumacher.
17:37 of 1st period - Shot Misses the Net.
17:37 of 1st period - Puck is out of play.
17:38 of 1st period - Travis Oleksuk wins face-off versus Rylan Schwartz in Crunch zone.
17:38 of 1st period - Travis Oleksuk is hit by Kory Nagy.
18:06 of 1st period - Slapshot by Travis Oleksuk.
18:06 of 1st period - Shot Misses the Net.
18:08 of 1st period - Slapshot by Nick Jensen.
18:08 of 1st period - Stopped by Nathan Lieuwen with a rebound.
18:54 of 1st period - Karl Stollery is hit by Kory Nagy and loses puck.
19:31 of 1st period - Daniil Tarasov is hit by Phillip Danault and loses puck.
Goals for this period are 0 for Crunch vs 0 for Ice Caps.
Shots for this period are 1 for Crunch vs 9 for Ice Caps.

2nd period


0:01 of 2nd period - Greg McKegg wins face-off versus Ryan Strome in neutral zone.
0:04 of 2nd period - Slapshot by Oscar Klefbom.
0:04 of 2nd period - Shot Blocked by Chad Billins.
0:06 of 2nd period - Slapshot by Oscar Klefbom.
0:06 of 2nd period - Goal by Oscar Klefbom - Crunch : 0 - Ice Caps : 1.
0:07 of 2nd period - Greg McKegg wins face-off versus Ryan Strome in neutral zone.
0:34 of 2nd period - Snap shot by Freddie Hamilton.
0:34 of 2nd period - Shot Blocked by Danny Syvret.
0:36 of 2nd period - Minor Penalty to Chad Billins for Interference.
0:37 of 2nd period - Travis Oleksuk wins face-off versus Colin Smith in Crunch zone.
0:46 of 2nd period - Snap shot by Matt Lindblad.
0:46 of 2nd period - Shot Blocked by Martin Marincin.
0:58 of 2nd period - Snap shot by Matt Lindblad.
0:58 of 2nd period - Stopped by Nathan Lieuwen without a rebound.
0:59 of 2nd period - Greg McKegg wins face-off versus Phillip Danault in Ice Caps zone.
1:04 of 2nd period - Slapshot by Martin Marincin.
1:04 of 2nd period - Deflect By Matt Lindblad.
1:04 of 2nd period - Stopped by Richard Bachman with a rebound.
1:06 of 2nd period - Slapshot by Oscar Klefbom.
1:06 of 2nd period - Shot Blocked by Nick Jensen.
1:16 of 2nd period - Slapshot by Oscar Klefbom.
1:16 of 2nd period - Shot Misses the Net.
1:18 of 2nd period - Wrist shot by Greg McKegg.
1:18 of 2nd period - Shot Misses the Net.
1:20 of 2nd period - Slapshot by Oscar Klefbom.
1:20 of 2nd period - Shot Blocked by Phillip Danault.
1:54 of 2nd period - Wrist shot by Ryan Strome.
1:54 of 2nd period - Deflect By Travis Oleksuk.
1:54 of 2nd period - Stopped by Nathan Lieuwen with a rebound.
1:56 of 2nd period - Slapshot by Nick Jensen.
1:56 of 2nd period - Stopped by Nathan Lieuwen with a rebound.
2:19 of 2nd period - Travis Oleksuk is hit by Oscar Klefbom and loses puck.
2:32 of 2nd period - Wrist shot by Freddie Hamilton.
2:32 of 2nd period - Shot Misses the Net.
2:34 of 2nd period - Snap shot by Garret Ross.
2:34 of 2nd period - Stopped by Richard Bachman without a rebound.
2:35 of 2nd period - Greg McKegg wins face-off versus Phillip Danault in Crunch zone.
2:36 of 2nd period - Penalty to Chad Billins is over, Chad Billins is back on ice.
2:58 of 2nd period - Snap shot by Kory Nagy.
2:58 of 2nd period - Shot Misses the Net.
3:00 of 2nd period - Slapshot by Klas Dahlbeck.
3:00 of 2nd period - Shot Misses the Net.
3:02 of 2nd period - Wrist shot by Rylan Schwartz.
3:02 of 2nd period - Shot Misses the Net.
3:04 of 2nd period - Slapshot by Klas Dahlbeck.
3:04 of 2nd period - Stopped by Richard Bachman with a rebound.
3:08 of 2nd period - Slapshot by Kory Nagy.
3:08 of 2nd period - Shot Misses the Net.
3:10 of 2nd period - Snap shot by Michael Schumacher.
3:10 of 2nd period - Shot Misses the Net.
3:12 of 2nd period - Slapshot by Michael Schumacher.
3:12 of 2nd period - Stopped by Richard Bachman without a rebound.
3:13 of 2nd period - Corban Knight wins face-off versus Colin Smith in Crunch zone.
3:32 of 2nd period - Scott Mayfield is hit by Jordin Tootoo and loses puck.
3:52 of 2nd period - Icing by Zach Trotman.
3:53 of 2nd period - Corban Knight wins face-off versus Rylan Schwartz in Crunch zone.
5:43 of 2nd period - Zach Trotman is hit by Oscar Klefbom and loses puck.
6:14 of 2nd period - Snap shot by Kory Nagy.
6:14 of 2nd period - Stopped by Richard Bachman with a rebound.
6:18 of 2nd period - Slapshot by Kory Nagy.
6:18 of 2nd period - Shot Misses the Net.
6:24 of 2nd period - Major Penalty to Karl Stollery for Kneeing.
6:25 of 2nd period - Travis Oleksuk wins face-off versus Greg McKegg in Crunch zone.
6:25 of 2nd period - Travis Oleksuk is hit by Oscar Klefbom.
6:33 of 2nd period - Snap shot by Ryan Strome.
6:33 of 2nd period - Shot Blocked by Oscar Klefbom.
6:49 of 2nd period - Backhand shot by Martin Marincin.
6:49 of 2nd period - Deflect By Freddie Hamilton.
6:49 of 2nd period - Goal by Freddie Hamilton - Crunch : 0 - Ice Caps : 2.
6:50 of 2nd period - Phillip Danault wins face-off versus Colin Smith in neutral zone.
6:53 of 2nd period - Martin Marincin is hit by Matt Lindblad and loses puck.
7:12 of 2nd period - Martin Marincin is hit by Danny Syvret and loses puck.
9:19 of 2nd period - Daniil Tarasov is hit by Matt Lindblad and loses puck.
9:27 of 2nd period - Slapshot by Nick Jensen.
9:27 of 2nd period - Shot Blocked by Corey Cowick.
9:29 of 2nd period - Snap shot by Matt Lindblad.
9:29 of 2nd period - Shot Blocked by Brandon Davidson.
10:13 of 2nd period - Markus Lauridsen is hit by Garret Ross and loses puck.
10:42 of 2nd period - Snap shot by Ryan Strome.
10:42 of 2nd period - Shot Misses the Net.
10:44 of 2nd period - Snap shot by Markus Lauridsen.
10:44 of 2nd period - Stopped by Nathan Lieuwen with a rebound.
10:46 of 2nd period - Slapshot by Taylor Pyatt.
10:46 of 2nd period - Shot Misses the Net.
10:48 of 2nd period - Snap shot by Nick Jensen.
10:48 of 2nd period - Deflect By Martin Marincin.
10:48 of 2nd period - Stopped by Nathan Lieuwen with a rebound.
11:10 of 2nd period - Snap shot by Kory Nagy.
11:10 of 2nd period - Shot Blocked by Nick Jensen.
11:17 of 2nd period - Icing by Klas Dahlbeck.
11:18 of 2nd period - Rylan Schwartz wins face-off versus Travis Oleksuk in Ice Caps zone.
11:24 of 2nd period - Penalty to Karl Stollery is over, Karl Stollery is back on ice.
11:36 of 2nd period - Slapshot by Eriah Hayes.
11:36 of 2nd period - Stopped by Nathan Lieuwen with a rebound.
12:02 of 2nd period - Slapshot by Garret Ross.
12:02 of 2nd period - Shot Misses the Net.
13:31 of 2nd period - Snap shot by Jordin Tootoo.
13:31 of 2nd period - Stopped by Nathan Lieuwen without a rebound.
13:32 of 2nd period - Colin Smith wins face-off versus Corban Knight in Ice Caps zone.
13:39 of 2nd period - Corban Knight is hit by Corey Cowick and loses puck.
13:50 of 2nd period - Martin Marincin is hit by Eriah Hayes and loses puck.
14:01 of 2nd period - Karl Stollery is hit by Rylan Schwartz and loses puck.
14:14 of 2nd period - Wrist shot by Ryan Strome.
14:14 of 2nd period - Stopped by Nathan Lieuwen with a rebound.
14:34 of 2nd period - Freddie Hamilton is hit by Markus Lauridsen and loses puck.
14:49 of 2nd period - Wrist shot by Taylor Pyatt.
14:49 of 2nd period - Shot Misses the Net.
14:51 of 2nd period - Snap shot by Karl Stollery.
14:51 of 2nd period - Shot Misses the Net.
15:40 of 2nd period - Klas Dahlbeck is hit by Andre Petersson.
16:08 of 2nd period - Martin Marincin is hit by Brodie Reid and loses puck.
16:09 of 2nd period - Martin Marincin from Ice Caps is injured at 16:09 of 2nd period (Herniated Disc).
16:10 of 2nd period - Ryan Strome wins face-off versus Greg McKegg in Ice Caps zone.
16:21 of 2nd period - Wrist shot by Taylor Pyatt.
16:21 of 2nd period - Stopped by Nathan Lieuwen with a rebound.
17:02 of 2nd period - Chad Billins is hit by Colin Smith and loses puck.
17:16 of 2nd period - Markus Lauridsen is hit by Scott Mayfield and loses puck.
18:01 of 2nd period - Rylan Schwartz is hit by Brodie Reid and loses puck.
18:20 of 2nd period - Minor Penalty to Phillip Danault for Tripping.
18:21 of 2nd period - Travis Oleksuk wins face-off versus Greg McKegg in Crunch zone.
18:44 of 2nd period - Danny Syvret is hit by Greg McKegg and loses puck.
18:55 of 2nd period - Chad Billins is hit by Garret Ross and loses puck.
19:35 of 2nd period - Matt Lindblad is hit by Scott Mayfield and loses puck.
19:59 of 2nd period - Greg McKegg is hit by Markus Lauridsen and loses puck.
Goals for this period are 0 for Crunch vs 2 for Ice Caps.
Shots for this period are 9 for Crunch vs 7 for Ice Caps.

3rd period


0:01 of 3rd period - Greg McKegg wins face-off versus Taylor Pyatt in neutral zone.
0:04 of 3rd period - Slapshot by Oscar Klefbom.
0:04 of 3rd period - Deflect By Freddie Hamilton.
0:04 of 3rd period - Shot Blocked by Matt Lindblad.
0:04 of 3rd period - Puck is out of play.
0:05 of 3rd period - Taylor Pyatt wins face-off versus Greg McKegg in Crunch zone.
0:20 of 3rd period - Penalty to Phillip Danault is over, Phillip Danault is back on ice.
0:23 of 3rd period - Wrist shot by Freddie Hamilton.
0:23 of 3rd period - Stopped by Richard Bachman with a rebound.
0:49 of 3rd period - Travis Oleksuk is hit by Garret Ross and loses puck.
1:04 of 3rd period - Slapshot by Daniil Tarasov.
1:04 of 3rd period - Shot Misses the Net.
1:12 of 3rd period - Wrist shot by Colin Smith.
1:12 of 3rd period - Deflect By Daniil Tarasov.
1:12 of 3rd period - Shot Misses the Net.
1:12 of 3rd period - Puck is out of play.
1:13 of 3rd period - Corban Knight wins face-off versus Colin Smith in Crunch zone.
1:29 of 3rd period - Off-side.
1:30 of 3rd period - Rylan Schwartz wins face-off versus Corban Knight in neutral zone.
3:46 of 3rd period - Phillip Danault is hit by Kory Nagy and loses puck.
4:17 of 3rd period - Slapshot by Eriah Hayes.
4:17 of 3rd period - Stopped by Nathan Lieuwen with a rebound.
4:19 of 3rd period - Backhand shot by Zach Trotman.
4:19 of 3rd period - Shot Blocked by Brandon Davidson.
4:21 of 3rd period - Wrist shot by Jordin Tootoo.
4:21 of 3rd period - Shot Blocked by Garret Ross.
4:23 of 3rd period - Slapshot by Zach Trotman.
4:23 of 3rd period - Shot Misses the Net.
4:33 of 3rd period - Eriah Hayes is hit by Riley Wetmore and loses puck.
5:05 of 3rd period - Kory Nagy is hit by Zach Trotman and loses puck.
5:37 of 3rd period - Icing by Rasmus Rissanen.
5:38 of 3rd period - Colin Smith wins face-off versus Phillip Danault in Ice Caps zone.
5:43 of 3rd period - Matt Lindblad is hit by Daniil Tarasov and loses puck.
6:14 of 3rd period - Slapshot by Taylor Pyatt.
6:14 of 3rd period - Stopped by Nathan Lieuwen without a rebound.
6:15 of 3rd period - Greg McKegg wins face-off versus Travis Oleksuk in Ice Caps zone.
7:13 of 3rd period - Phillip Danault is hit by Michael Schumacher and loses puck.
8:00 of 3rd period - Karl Stollery is hit by Brandon Davidson and loses puck.
8:15 of 3rd period - Andre Petersson is hit by Brandon Davidson and loses puck.
8:26 of 3rd period - Slapshot by Karl Stollery.
8:26 of 3rd period - Deflect By Andre Petersson.
8:26 of 3rd period - Stopped by Nathan Lieuwen with a rebound.
8:38 of 3rd period - Eriah Hayes is hit by Kory Nagy and loses puck.
9:45 of 3rd period - Riley Wetmore is hit by Phillip Danault and loses puck.
9:54 of 3rd period - Wrist shot by Riley Wetmore.
9:54 of 3rd period - Stopped by Richard Bachman without a rebound.
9:55 of 3rd period - Garret Ross wins face-off versus Ryan Strome in Crunch zone.
9:56 of 3rd period - Snap shot by Oscar Klefbom.
9:56 of 3rd period - Deflect By Ryan Strome.
9:56 of 3rd period - Goal by Oscar Klefbom - Crunch : 0 - Ice Caps : 3.
9:57 of 3rd period - Corban Knight wins face-off versus Colin Smith in neutral zone.
10:56 of 3rd period - Matt Lindblad is hit by Scott Mayfield and loses puck.
11:19 of 3rd period - Snap shot by Ryan Strome.
11:19 of 3rd period - Shot Blocked by Klas Dahlbeck.
11:21 of 3rd period - Slapshot by Taylor Pyatt.
11:21 of 3rd period - Shot Blocked by Freddie Hamilton.
11:23 of 3rd period - Snap shot by Andre Petersson.
11:23 of 3rd period - Shot Misses the Net.
11:25 of 3rd period - Snap shot by Ryan Strome.
11:25 of 3rd period - Shot Misses the Net.
11:27 of 3rd period - Slapshot by Zach Trotman.
11:27 of 3rd period - Shot Misses the Net.
11:29 of 3rd period - Wrist shot by Ryan Strome.
11:29 of 3rd period - Deflect By Andre Petersson.
11:29 of 3rd period - Shot Misses the Net.
11:29 of 3rd period - Puck is out of play.
11:30 of 3rd period - Colin Smith wins face-off versus Ryan Strome in Ice Caps zone.
13:04 of 3rd period - Nick Jensen is hit by Greg McKegg and loses puck.
13:21 of 3rd period - Brodie Reid is hit by Colin Smith and loses puck.
14:01 of 3rd period - Slapshot by Oscar Klefbom.
14:01 of 3rd period - Shot Blocked by Nick Jensen.
14:03 of 3rd period - Slapshot by Michael Schumacher.
14:03 of 3rd period - Stopped by Richard Bachman with a rebound.
15:08 of 3rd period - Daniil Tarasov is hit by Travis Oleksuk and loses puck.
15:17 of 3rd period - Slapshot by Travis Oleksuk.
15:17 of 3rd period - Stopped by Nathan Lieuwen without a rebound.
15:18 of 3rd period - Travis Oleksuk wins face-off versus Greg McKegg in Ice Caps zone.
15:28 of 3rd period - Minor Penalty to Scott Mayfield for Hooking.
15:29 of 3rd period - Ryan Strome wins face-off versus Greg McKegg in Ice Caps zone.
16:22 of 3rd period - Oscar Klefbom is hit by Ryan Strome and loses puck.
16:27 of 3rd period - Snap shot by Ryan Strome.
16:27 of 3rd period - Shot Misses the Net.
16:55 of 3rd period - Zach Trotman is hit by Seth Helgeson and loses puck.
17:02 of 3rd period - Oscar Klefbom is hit by Chad Billins and loses puck.
17:28 of 3rd period - Penalty to Scott Mayfield is over, Scott Mayfield is back on ice.
17:58 of 3rd period - Karl Stollery is hit by Michael Schumacher and loses puck.
Goals for this period are 0 for Crunch vs 1 for Ice Caps.
Shots for this period are 4 for Crunch vs 4 for Ice Caps.


Output by the SimonT Hockey Simulator (STHS) for Eric Dolegowski -- Original Page W3C XHTML 1.0 Valid
Hockey Simulator - Hockey Simulation - Hockey Manager